 Dungeon Crawl Stone Soup version 0.21-a0-442-g848f44b (webtiles) character file.

191 mortelune the Skirmisher (level 5, -3/35 HPs)
             Began as a Gargoyle Fighter on Nov 16, 2017.
             Killed from afar by an orc wizard (6 damage)
             ... with a wand of lightning (?/15)
             ... on level 4 of the Dungeon.
             The game lasted 00:07:46 (2126 turns).

mortelune the Skirmisher (Gargoyle Fighter)         Turns: 2126, Time: 00:07:46

Health: -3/35      AC: 14    Str: 21    XL:     5   Next: 70%
Magic:  5/5        EV:  7    Int:  8    God:
Gold:   91         SH:  9    Dex:  9    Spells: 4/4 levels left

rFire    . . .     SeeInvis .   a - +0 flail
rCold    . . .     Gourm    .   c - +0 shield
rNeg     + . .     Faith    .   w - +0 scale mail
rPois    ∞         Spirit   .   s - +2 helmet
rElec    +         Reflect  .   (no cloak)
rCorr    .         Harm     .   (no gloves)
MR       .....                  (no boots)
Stlth    ..........             (no amulet)
HPRegen  0.11/turn              (no ring)
MPRegen  0.09/turn              (no ring)

@: no status effects
A: negative energy resistance 1, electricity resistance, unbreathing,
petrification resistance, rot immunity, AC +4
a: no special abilities


You were on level 4 of the Dungeon.
You were very hungry.

You visited 1 branch of the dungeon, and saw 4 of its levels.

You collected 91 gold pieces.

Inventory:

Hand Weapons
 a - a +0 flail (weapon)
 b - a +0 blowgun
Missiles
 i - 148 stones (quivered)
 x - 31 poisoned needles
Armour
 c - a +0 shield (worn)
 s - a +2 helmet (worn)
 v - a cursed +0 ring mail
 w - a +0 scale mail (worn)
Wands
 u - a wand of flame (12/48)
Scrolls
 e - a scroll of noise {unknown}
 h - a scroll of blinking {unknown}
 m - 2 scrolls of enchant armour {unknown}
 o - 2 scrolls of magic mapping {unknown}
 t - a scroll of identify
Potions
 d - a potion of might
 j - a potion of heal wounds {unknown}
 l - 2 potions of haste
 n - a potion of lignification {unknown}
 p - 2 potions of degeneration
 q - 3 potions of brilliance {unknown}
 r - a potion of invisibility
Comestibles
 f - 3 bread rations
 g - a meat ration
 k - 3 fruits


   Skills:
 + Level 5.3 Fighting
 + Level 4.2 Maces & Flails
 - Level 3.2 Armour
 - Level 3.2 Shields


You had 4 spell levels left.
You didn't know any spells.

Dungeon Overview and Level Annotations

Branches:
Dungeon (4/15)
 Temple: D:4-7

Altars:
Ru
Trog
The Shining One


Innate Abilities, Weirdness & Mutations

You are resistant to torment.
Your stone body is resilient. (AC +4)
You are immune to poison.
You resist negative energy. (rN+)
You are resistant to electric shocks. (rElec)
You can survive without breathing.
You are immune to petrification.
You are immune to rotting.


Message History

You hit the orc wizard but do no damage.
The orc wizard is severely wounded.
You hear some strange, mumbled words.
A magic dart appears from out of thin air!
The magic dart hits you!
* * * LOW HITPOINT WARNING * * *
The orc wizard hits you but does no damage.
Something hits you.
* * * LOW HITPOINT WARNING * * *
The orc wizard zaps a wand.
The bolt of lightning hits you! You resist.
* * * LOW HITPOINT WARNING * * *
Your shield prevents you from hitting the orc wizard.
The orc wizard is severely wounded.
An orc wizard appears from thin air!
Reactivating autopickup.
The orc wizard gestures at you while chanting.
The magic dart hits you!
The orc wizard hits you but does no damage. x2
The orc wizard zaps a wand.
The bolt of lightning hits you! You resist.
You die...

#########...#
#..........##
##..........#
#...###.....##
### ##..##
##.....# #.#
##..## #....###
#.###..##
##...##
##....## #...##
###########)@##
....#oo##
###..#..##
#.#...!..###
##.###......#
..:..#..##....#
##.###).# #....
.#.'(..## #...
.###(.. ...


You could see 2 orc wizards.

Vanquished Creatures
  2 orc wizards (D:4)
  Jessica (D:3)
  Ijyb (D:3)
  A gnoll (D:1)
  An adder (D:2)
  2 oozes
  A worm (D:2)
  A dart slug (D:3)
  A leopard gecko (D:1)
  3 giant cockroaches
  9 goblins
  6 hobgoblins
  8 kobolds
  A quokka (D:2)
  A bat (D:1)
  2 frilled lizards (D:2)
  12 rats
53 creatures vanquished.

Notes
Turn   | Place    | Note
-------+----------+-------------------------------------------
     0 | D:1      | mortelune the Gargoyle Fighter began the quest for the Orb.
     0 | D:1      | Reached XP level 1. HP: 14/14 MP: 1/1
    41 | D:1      | Reached XP level 2. HP: 18/20 MP: 2/2
   199 | D:1      | Reached XP level 3. HP: 24/24 MP: 3/3
   262 | D:1      | Reached skill level 4 in Fighting
   994 | D:2      | Found a glowing golden altar of the Shining One.
  1066 | D:2      | Reached XP level 4. HP: 27/30 MP: 4/4
  1230 | D:2      | Found a bloodstained altar of Trog.
  1234 | D:2      | Found a sacrificial altar of Ru.
  1366 | D:3      | Noticed Jessica
  1375 | D:3      | Killed Jessica
  1704 | D:3      | Noticed Ijyb
  1715 | D:3      | Killed Ijyb
  1715 | D:3      | Reached skill level 5 in Fighting
  1715 | D:3      | Reached XP level 5. HP: 33/35 MP: 5/5
  2126 | D:4      | Killed from afar by an orc wizard

Vault maps used:
D:1:      nicolae_arrival_memento_mori
D:2:      nicolae_overflow_crystal_walls, minitemple, first_bread
D:3:      minmay_misc_feat_rows, uniq_jessica, uniq_ijyb
D:4:      amethyst_overflow_temple_binary, kennysheep_mini, serial_shops,
          nicolae_shop_statue_plus, minmay_a_box_with_orc_wizards_in_it,
          uniq_menkaure

Skill      XL: |  1  2  3  4  5 |
---------------+----------------+-----
Fighting       | 4 5 |  5.3
Maces & Flails | 3 4 |  4.2
Armour         | |  3.2
Shields        | |  3.2

Action                   |  1- 3 |  4- 6 || total
-------------------------+-------+-------++-------
Melee: Flail             |   121 |    78 ||   199
 Fire: Blowgun           |       |     2 ||     2
  Use: Scroll            |       |     3 ||     3
  Eat: Chunk             |       |     3 ||     3
Armor: Scale mail        |    57 |    59 ||   116
Dodge: Dodged            |    30 |    11 ||    41
Block: Shield            |    43 |    30 ||    73

Table legend:
 A = Spawn XP
 B = Non-spawn XP
 C = Spawn XP percentage of total XP
 D = Spawn monster count
 E = Non-spawn monster count
 F = Spawn count percentage of total count
 G = Total turns spent on level
                    A         B        C        D         E        F      G
               +---------+---------+-------+---------+---------+-------+---------
         Total |       0 |     273 |   0.0 |       0 |      53 |   0.0 |  2126
               +---------+---------+-------+---------+---------+-------+---------
           D:1 |       0 |      56 |   0.0 |       0 |      23 |   0.0 |   710
           D:2 |       0 |      46 |   0.0 |       0 |      17 |   0.0 |   646
           D:3 |       0 |      91 |   0.0 |       0 |      11 |   0.0 |   671
           D:4 |       0 |      80 |   0.0 |       0 |       2 |   0.0 |    99
               +---------+---------+-------+---------+---------+-------+---------
